 Dungeon Crawl Stone Soup version 0.29.1-1-gd02db6906a (webtiles) character file.

Game seed: 10560305874446203300

338 porpoise the Cudgeller (level 6, -10/51 HPs)
             Began as a Formicid Abyssal Knight on Oct 16, 2022.
             Was a Priest of Lugonu.
             Mangled by Menkaure (12 damage)
             ... on level 4 of the Dungeon.
             The game lasted 00:11:33 (3053 turns).

porpoise the Cudgeller (Formicid Abyssal Knight)    Turns: 3053, Time: 00:11:33

Health: -10/51     AC:  5    Str: 20    XL:     6   Next: 86%
Magic:  7/7        EV: 10    Int:  9    God:    Lugonu [***...]
Gold:   97         SH:  0    Dex: 14    Spells: 5/5 levels left

rFire   + . .      SeeInvis +   a - +1 hand axe (drain)
rCold   . . .      Faith    .   (no shield)
rNeg    . . .      Spirit   .   n - +0 ring mail {rPois}
rPois   +          Reflect  .   (helmet unavailable)
rElec   .          Harm     .   (no cloak)
rCorr   .          Rampage  .   (no gloves)
Will    +....                   (no boots)
Stlth   +.........              (no amulet)
HPRegen 0.17/turn               i - ring of protection from fire
MPRegen 0.10/turn               f - ring of willpower

@: brilliant
A: permanent stasis, dig shafts and tunnels, antennae 3, four strong arms
a: Dig, Shaft Self, Renounce Religion, Depart the Abyss, Bend Space, Banish


You were on level 4 of the Dungeon.
You worshipped Lugonu.
Lugonu was most pleased with you.
You visited 1 branch of the dungeon, and saw 4 of its levels.
You visited the Abyss 1 time.

You collected 181 gold pieces.
You spent 84 gold pieces at shops.

Inventory:

Hand Weapons
 a - a +1 hand axe of draining (weapon)
 b - a +0 sling
 w - a +1 mace
Missiles
 A - 6 poisoned darts (quivered)
Armour
 n - a +0 ring mail of poison resistance (worn)
Jewellery
 f - a ring of willpower (right hand)
 i - a ring of protection from fire (left hand)
 l - a ring of positive energy
Wands
 o - a wand of polymorph (2)
 s - a wand of paralysis (9)
Scrolls
 c - 2 scrolls of poison {unknown}
 d - 4 scrolls of fog {unknown}
 e - 3 scrolls of vulnerability {unknown}
 k - a scroll of enchant armour {unknown}
 p - 5 scrolls of teleportation {unknown}
 r - a scroll of brand weapon {unknown}
 v - a scroll of immolation {unknown}
 y - a scroll of blinking {unknown}
 z - 3 scrolls of noise {unknown}
Potions
 g - a potion of might {unknown}
 h - a potion of resistance {unknown}
 j - a potion of haste
 m - a potion of brilliance
 q - a potion of flight {unknown}
 t - a potion of cancellation {unknown}
 u - a potion of lignification {unknown}
 x - a potion of mutation {unknown}


   Skills:
 + Level 5.2 Fighting
 * Level 5.6 Maces & Flails
 - Level 2.1 Armour
 - Level 0.8 Dodging
 + Level 2.3 Invocations


You had 5 spell levels left.
You didn't know any spells.
Your spell library contained the following spells:

 Spells                   Type           Power      Damage    Failure   Level
 Sting                    Tmut/Pois      0%         1d3       56%         1
 Poisonous Vapours        Pois/Air       0%         N/A       71%         2
 Olgreb's Toxic Radiance  Pois           0%         N/A       100%        4


Dungeon Overview and Level Annotations

Branches:
Dungeon (4/15)
 Temple: D:4-7

Altars:
Cheibriados
Hepliaklqana
Trog

Shops:
D:2 *

Annotations:
D:4 Menkaure


Innate Abilities, Weirdness & Mutations

You cannot be hasted, slowed, berserked, paralysed or teleported.
You can dig through walls and to a lower floor.
You have a pair of large antennae on your head. (SInv)
Your four strong arms can wield two-handed weapons with a shield.


Message History

The quokka convulses!
Your body is wracked with pain!
You closely miss the quokka.
The quokka is moderately wounded.
You hit Menkaure. The quokka misses you. Menkaure hits you!
* * * LOW HITPOINT WARNING * * *
Unknown command.
You hit Menkaure but do no damage.
Menkaure is lightly damaged.
You closely miss the quokka. The quokka barely misses you.
Menkaure closely misses you.
You hit Menkaure. Your punch misses Menkaure.
Menkaure is moderately damaged.
You hit the quokka. You drain the quokka.
You kill the quokka!
Lugonu accepts your kill. Menkaure hits you.
* * * LOW HITPOINT WARNING * * *
It was a potion of brilliance.
You feel clever all of a sudden. Menkaure closely misses you.
You hit Menkaure.
Menkaure is heavily damaged.
Menkaure completely misses you.
You hit Menkaure.
Menkaure is heavily damaged.
You hit Menkaure.
Menkaure is severely damaged.
Menkaure barely misses you.
You hit Menkaure but do no damage.
Menkaure is severely damaged.
Menkaure hits you!
* * * LOW HITPOINT WARNING * * *
You hit Menkaure.
Menkaure is severely damaged.
Menkaure casts a spell at you. You resist with some effort.
You hit Menkaure.
Menkaure is almost destroyed.
Menkaure hits you!
You die...

#...................
#.....#.....#.......
#######......#..#+###
#########.#######.....##
...............#........
..............#...$.....
........................
............###.........
............# #.@†......
............# #..M......
............# #........)
............# #.........
############# ##########


You could see Menkaure.

Vanquished Creatures
  Sigmund (D:2)
  A jelly (D:4)
  An iguana (D:4)
  Terence (D:2)
  2 adders (D:2)
  A dart slug (D:3)
  4 orcs (D:3)
  7 endoplasms
  3 giant cockroaches
  12 goblins
  9 hobgoblins
  3 kobolds
  2 quokkas
  6 ball pythons
  4 bats
  4 frilled lizards
  8 rats
69 creatures vanquished.

Notes
Turn   | Place    | Note
-------+----------+-------------------------------------------
     0 | Abyss:1  | porpoise the Formicid Abyssal Knight began the quest for
                  | the Orb.
     0 | Abyss:1  | Reached XP level 1. HP: 18/18 MP: 2/2
     1 | D:1      | Escaped the Abyss
   455 | D:1      | Reached XP level 2. HP: 24/24 MP: 3/3
   692 | D:1      | Found a faded altar of an unknown god.
  1071 | D:2      | Found Cas Waaf's Assorted Antiques.
  1077 | D:2      | Found a hazy altar of Hepliaklqana.
  1079 | D:2      | Bought a clear potion for 27 gold pieces
  1195 | D:2      | Reached XP level 3. HP: 27/30 MP: 4/4
  1306 | D:2      | Noticed Terence
  1323 | D:2      | Killed Terence
  1324 | D:2      | Reached XP level 4. HP: 29/32 MP: 5/5
  1385 | D:2      | Noticed Sigmund
  1410 | D:2      | Killed Sigmund
  1411 | D:2      | Reached skill level 5 in Maces & Flails
  1411 | D:2      | Reached XP level 5. HP: 25/43 MP: 6/6
  1411 | D:2      | Reached XP level 6. HP: 30/50 MP: 7/7
  1954 | D:3      | Reached *** piety under Lugonu
  2085 | D:3      | Found a bloodstained altar of Trog.
  2085 | D:3      | Found a faded altar of an unknown god.
  2093 | D:3      | Found a faded altar of an unknown god.
  2095 | D:3      | Found a snail-covered altar of Cheibriados.
  2097 | D:3      | Found a hazy altar of Hepliaklqana.
  2250 | D:3      | Reached skill level 5 in Fighting
  2290 | D:2      | Bought a red potion for 27 gold pieces
  2290 | D:2      | Bought a scroll labelled YRUOHA SUADYAWN for 30 gold pieces
  3040 | D:4      | Noticed Menkaure
  3051 | D:4      | HP: 1/51 [Menkaure (10)]
  3053 | D:4      | Mangled by Menkaure

Illustrated notes

Levels and vault maps discovered:
D:1:      nicolae_arrival_washed_ashore, layout_loops_corners,
          chequers_ecumenical_altar_twisty
D:2:      cheibrodos_greedy_goblins, layout_rooms, basic_altar, serial_shops,
          nicolae_diamond_shop, uniq_sigmund, uniq_terence
D:3:      layout_basic, chequers_temple_overflow_minitemple, minmay_cut_off
D:4:      layout_basic, marbit_many_paths, mainiacjoe_overflow_catwalk,
          minmay_temple_entry_mist, serial_shops, nicolae_shop_advertising_works
          [nicolae_subvault_shop_adworks], uniq_menkaure

Skill      XL: |  1  2  3  4  5  6 |
---------------+-------------------+-----
Maces & Flails | 3 5 |  5.6
Fighting       | 4 5 |  5.2
Armour         | |  2.1
Dodging        | |  0.8
Invocations    | |  2.3

Action                   |  1- 3 |  4- 6 || total
-------------------------+-------+-------++-------
Melee: Mace              |    64 |     4 ||    68
       Punch             |     2 |     1 ||     3
       Hand axe          |       |   132 ||   132
  Use: Potion            |     1 |     2 ||     3
Armor: Leather armour    |    13 |       ||    13
       Plate armour      |     9 |       ||     9
       Ring mail         |     2 |    30 ||    32
Dodge: Dodged            |    42 |    62 ||   104
